Map: Golden Wall LE

Players

DanyOcean

  • Race: Terran Terran
  • League: Platinum
  • Spawn Location: 7:00

Massa - Winner!

  • Race: Terran Terran
  • League: Platinum
  • Spawn Location: 5:00

VOD

Have the link to the VOD?

Description

Time

  • Played on: Sept. 3, 2020, 2:43 p.m.
  • Length: 18:26
Show
View Real Time Build Order
Export as new Build Order

DanyOcean Terran 

Build Orders:  

Get SALT Encoding   

  12  0:00  SCV  
  13  0:12  SCV  
  14  0:18  Supply Depot  
  14  0:24  SCV  
  15  0:39  SCV  
  15  0:40  Barracks  
  16  0:51  SCV  
  17  1:07  Supply Depot  
  17  1:14  SCV  
  18  1:26  Command Center  
  18  1:33  Marine  
  18  1:36  Orbital Command  
  19  1:51  Marine  
  20  2:05  Barracks  
  20  2:07  Barracks  
  20  2:10  SCV  
  20  2:13  Marine  
  22  2:25  SCV  
  22  2:29  Supply Depot  
  23  2:33  Marine  
  24  2:38  Orbital Command  
  24  2:40  Barracks  
  24  2:45  SCV  
  25  2:55  Barracks  
  25  3:01  Barracks  
  25  3:04  Orbital Command, Marine x3  
  28  3:21  Supply Depot  
  28  3:22  SCV, Marine x3  
  32  3:28  Marine  
  32  3:30  SCV  
  34  3:34  SCV  
  34  3:40  Marine x3  
  38  3:42  SCV  
  38  3:46  Engineering Bay, Marine  
  40  3:50  Barracks  
  40  3:54  Marine x2  
  42  3:58  SCV, Marine x2  
  42  3:59  SCV  
  46  4:03  Supply Depot  
  46  4:13  Missile Turret  
  46  4:14  Marine  
  46  4:15  Marine x4  
  51  4:17  SCV  
  51  4:20  SCV  
  53  4:24  Marine  
  54  4:32  Marine  
  54  4:33  Marine  
  56  4:39  Marine  
  56  4:40  Marine x3  
  56  4:42  Marine  
  56  4:44  Missile Turret  
  61  4:50  Marine  
  61  4:51  Marine  
  63  4:57  Marine  
  63  4:58  Refinery  
  64  5:01  Refinery  
  64  5:03  Marine x2  
  64  5:04  Marine x2  
  64  5:05  Missile Turret  
  69  5:07  SCV x2  
  70  5:14  Marine x2  
  70  5:15  Marine  
  70  5:16  Supply Depot  
  70  5:19  SCV  
  74  5:21  Marine  
  74  5:25  Supply Depot  
  74  5:26  Marine  
  74  5:27  Marine x2  
  78  5:37  Barracks Tech Lab, Marine  
  78  5:39  Supply Depot  
  79  5:47  Supply Depot  
  79  5:50  SCV x2  
  79  5:52  Barracks Reactor  
  79  5:54  Barracks Reactor  
  81  6:06  SCV  
  81  6:07  SCV  
  81  6:10  Barracks Reactor  
  83  6:12  Barracks Reactor  
  83  6:14  Marine x2  
  83  6:15  Marine  
  74  6:18  SCV  
  74  6:19  SCV  
  74  6:22  Command Center  
  67  6:47  Marine, Command Center  
  67  6:48  Marine x5  
  67  6:49  Marine x2  
  67  6:51  Marauder, Marine  
  67  6:52  Marine  
  79  6:55  SCV  
  79  6:56  SCV  
  81  7:05  Marine  
  81  7:07  SCV  
  81  7:08  SCV  
  84  7:09  Terran Infantry Weapons Level 1  
  84  7:12  Marauder  
  86  7:16  Engineering Bay  
  86  7:19  SCV  
  86  7:20  SCV  
  86  7:21  Factory  
  88  7:31  SCV  
  88  7:35  Combat Shield  
  89  7:43  Refinery x2  
  89  8:03  SCV x2, Missile Turret x2  
  89  8:05  Orbital Command  
  91  8:06  Missile Turret  
  91  8:08  Missile Turret  
  91  8:09  Missile Turret  
  91  8:15  SCV x2  
  91  8:18  Supply Depot  
  93  8:22  Marine  
  93  8:23  Marine x2, Missile Turret  
  93  8:26  Marine  
  97  8:27  SCV x2, Missile Turret  
  97  8:28  Factory Reactor  
  99  8:34  Starport  
  99  8:39  SCV x2  
  99  8:40  SCV  
  102  8:41  Supply Depot  
  101  8:51  SCV  
  101  8:52  SCV x2  
  104  9:00  Missile Turret  
  100  9:03  Terran Infantry Armor Level 1, SCV  
  95  9:22  Marine x3  
  95  9:23  Marine x8  
  105  9:40  Marine x9  
  105  9:41  Marine x2, Medivac x2  
  105  9:44  Factory Tech Lab  
  120  9:50  Armory  
  120  9:57  Stimpack  
  120  9:58  Marine x11  
  131  10:11  Medivac x2  
  135  10:15  Marine  
  135  10:16  Marine x4  
  135  10:17  Marine  
  141  10:27  Supply Depot  
  141  10:28  Supply Depot  
  141  10:32  Supply Depot  
  141  10:34  Marine x8  
  149  10:35  Marine x3  
  149  10:36  SCV x3  
  149  10:41  Medivac  
  157  10:49  SCV x2, Medivac  
  161  10:50  Command Center  
  161  10:52  Marine x8  
  161  10:53  SCV, Marine x2  
  172  11:01  SCV x2  
  174  11:05  SCV  
  174  11:11  Terran Infantry Armor Level 2, Terran Infantry Weapons Level 2, Medivac  
  177  11:19  Medivac  
  177  11:20  Marine x2  
  181  11:31  Supply Depot x2  
  181  11:32  Supply Depot  
  181  11:37  Concussive Shells  
  181  11:45  Marine  
  181  11:52  Marine x2, Thor  
  181  11:53  Marine  
  190  12:04  Marine  
  190  12:05  Marine x7  
  198  12:10  Marine x2  
  180  12:53  Marine x5  
  180  12:54  Marine x6  
  140  13:11  Marine x11  
  148  13:28  Marine  
  148  13:29  Marine x10  
  159  13:46  Marine  
  159  13:47  Marine x10  
  161  14:04  Marine  
  161  14:05  Marine x9  
  171  14:18  Starport Tech Lab  
  171  14:22  Terran Infantry Weapons Level 3, Terran Infantry Armor Level 3, Marine x5  
  171  14:23  Marine x5  
  181  14:41  Marine  
  181  14:43  Marine x6  
  181  14:44  Marine x5  
  193  14:48  Raven, Command Center  
  195  14:54  Command Center  
  195  14:56  Orbital Command  
  195  14:58  Marine  
  196  15:01  Marine x4  
  200  15:13  Refinery  
  200  15:15  Refinery  
  200  15:21  Missile Turret x2  
  200  15:25  Missile Turret  
  200  15:39  Missile Turret  
  200  16:09  Orbital Command  
  134  16:49  Marine  
  134  16:50  Marine x11  
  72  17:07  Marine  
  72  17:08  Marine x11  
  84  17:15  Medivac  
  84  17:18  Thor  
  91  17:25  Marine x3  
  91  17:26  Marine x9  
  100  17:43  Marine x9  
  100  17:44  Marine x3  
  103  17:45  Medivac  
  98  18:01  Marine x12  
Show
View Real Time Build Order
Export as new Build Order

Massa Terran - Winner!

Build Orders: Reaper Expand 

Get SALT Encoding   

  12  0:00  SCV  
  13  0:12  SCV  
  14  0:20  Supply Depot  
  14  0:24  SCV  
  15  0:42  SCV, Barracks  
  16  0:50  Refinery  
  16  0:54  SCV  
  17  1:05  Refinery  
  17  1:41  Orbital Command  
  17  1:44  Reaper  
  18  1:54  Command Center  
  17  2:08  SCV  
  18  2:16  Reaper  
  18  2:20  SCV  
  20  2:27  Supply Depot  
  20  2:32  Factory  
  20  2:36  SCV  
  21  2:46  Supply Depot  
  21  2:48  Reaper  
  21  2:49  SCV  
  23  3:01  SCV  
  24  3:07  SCV  
  25  3:13  SCV  
  25  3:19  SCV, Hellion  
  29  3:20  Reaper  
  29  3:26  SCV  
  31  3:32  SCV  
  32  3:38  SCV  
  32  3:41  Hellion  
  35  3:46  Starport  
  35  3:53  Barracks Tech Lab  
  35  3:54  Orbital Command  
  35  3:55  SCV  
  36  3:59  Refinery  
  36  4:07  SCV  
  37  4:14  Engineering Bay  
  37  4:15  Marauder  
  39  4:19  SCV  
  39  4:21  Widow Mine  
  42  4:26  Medivac  
  44  4:31  SCV  
  44  4:37  Marauder  
  44  4:52  Bunker  
  44  4:57  Factory Tech Lab  
  44  4:58  Marauder  
  48  5:00  Barracks  
  48  5:06  Missile Turret  
  48  5:10  Missile Turret  
  48  5:11  Liberator  
  49  5:17  Siege Tank  
  52  5:23  Marauder  
  54  5:29  Missile Turret  
  54  5:43  Supply Depot  
  54  5:45  Supply Depot  
  54  5:50  Barracks Reactor  
  54  5:57  SCV  
  54  6:04  Medivac  
  54  6:05  Siege Tank  
  54  6:07  Marauder  
  59  6:24  SCV x2  
  61  6:31  Terran Infantry Armor Level 1  
  61  6:34  Armory  
  61  6:36  SCV  
  61  6:37  Command Center  
  61  6:38  Liberator  
  61  6:55  Marine  
  61  6:56  Marauder, Marine  
  65  7:03  Barracks  
  65  7:04  Barracks  
  65  7:10  Engineering Bay  
  65  7:13  Marine x2, Stimpack  
  67  7:17  Marauder  
  67  7:21  SCV  
  70  7:27  Supply Depot x2  
  70  7:29  SCV  
  62  7:31  Marine  
  62  7:33  SCV, Marine  
  65  7:38  Marauder  
  65  7:41  SCV  
  68  7:45  SCV  
  68  7:49  Widow Mine, Marine  
  68  7:51  Orbital Command, Marine  
  72  7:57  SCV x2  
  75  8:07  Barracks Reactor  
  75  8:09  SCV  
  75  8:10  Widow Mine, SCV  
  79  8:13  Terran Infantry Weapons Level 1  
  79  8:14  Terran Vehicle Weapons Level 1  
  79  8:21  SCV  
  80  8:32  Viking  
  82  8:40  Orbital Command  
  82  8:53  Concussive Shells  
  82  8:58  SCV x2  
  77  9:02  Viking  
  84  9:06  Terran Infantry Armor Level 2  
  86  9:10  SCV x2  
  88  9:22  SCV x2  
  87  9:29  Command Center  
  87  9:32  Sensor Tower, Viking  
  87  9:34  SCV x2  
  87  9:35  Missile Turret, Combat Shield  
  91  9:42  Barracks Reactor, Marauder  
  91  9:43  Marine x4  
  97  9:47  SCV x2  
  99  9:56  Missile Turret  
  99  9:57  Missile Turret  
  99  10:00  Marine  
  99  10:01  Marine  
  101  10:08  Terran Vehicle And Ship Armor Level 1  
  101  10:09  Supply Depot  
  101  10:15  Supply Depot  
  101  10:18  Missile Turret  
  101  10:21  Missile Turret  
  101  10:30  Marine x4  
  101  10:31  Hellion, Marauder  
  101  10:32  Supply Depot  
  101  10:33  Factory  
  109  10:37  Supply Depot  
  109  10:47  Missile Turret  
  109  10:48  Marine x2  
  111  10:52  Widow Mine, Marauder  
  111  10:56  Marine x3, Supply Depot  
  111  10:57  Marine  
  118  10:59  Supply Depot  
  118  11:01  Terran Infantry Weapons Level 2  
  119  11:06  SCV x3, Marine x2  
  119  11:08  Missile Turret  
  119  11:11  Refinery  
  124  11:12  Refinery  
  124  11:13  Orbital Command  
  124  11:14  Hellion, Marauder, Marine x4  
  132  11:18  SCV x2  
  132  11:19  SCV, Supply Depot  
  132  11:22  Supply Depot  
  132  11:24  Marine x2  
  137  11:30  SCV  
  137  11:31  SCV, Missile Turret  
  137  11:32  Marine x3  
  142  11:35  Widow Mine, Marauder  
  146  11:46  Supply Depot  
  146  11:56  Hellion, Marauder  
  150  12:02  Terran Vehicle Weapons Level 2  
  150  12:06  Marine  
  150  12:07  Marine x5  
  154  12:10  Factory Reactor  
  154  12:14  Viking  
  156  12:18  Marauder, Siege Tank  
  159  12:24  Marine  
  159  12:25  Marine x2  
  162  12:39  Marauder  
  164  12:44  Viking  
  164  12:50  Siege Tank  
  158  12:53  Orbital Command  
  158  12:57  Marine x6  
  122  13:01  Marauder  
  94  13:13  Hellion x2  
  94  13:14  Marine, Viking  
  94  13:15  Marine x5  
  94  13:16  Infernal Pre-Igniter  
  99  13:22  Marauder, Thor  
  94  13:32  Marine  
  94  13:33  Marine x5  
  102  13:34  Hellion x2  
  102  13:38  Command Center  
  104  13:42  Command Center  
  104  13:43  Marauder, Terran Infantry Armor Level 3  
  104  13:44  Terran Infantry Weapons Level 3, Viking  
  108  13:50  Marine x3  
  113  13:55  Hellion  
  113  14:01  Refinery  
  113  14:05  Marauder  
  115  14:13  Supply Depot  
  115  14:14  Medivac  
  115  14:15  Supply Depot  
  115  14:16  Supply Depot  
  117  14:18  Terran Vehicle And Ship Armor Level 2  
  117  14:34  Thor  
  117  14:35  Marauder  
  125  14:44  Medivac  
  127  15:10  Orbital Command  
  127  15:17  Siege Tank  
  130  15:31  Widow Mine x2  
  134  15:49  Siege Tank  
  137  15:53  Widow Mine x2  
  137  15:55  Planetary Fortress  
  141  15:58  SCV x2  
  141  16:03  Marine  
  141  16:04  Marauder, Marine x5  
  147  16:10  SCV x2  
  153  16:22  SCV x2  
  153  16:25  Marauder  
  111  16:57  Marauder, Marine x3  
  111  16:58  Marine x3  
  118  17:15  Marine  
  119  17:17  Orbital Command  
  119  17:18  Marauder  
  121  17:40  Marauder  
  123  17:50  Marine x5  
  123  17:51  SCV, Marine  
  129  17:52  SCV x3  
  133  18:01  Marauder  
  133  18:03  SCV  
  133  18:04  SCV x3  
Tags
 
Matchup
TvT
Race
Terran
Replay Pack
Multiplayer
Spawn Locations
Close Positions
Add a new tag
Caveats
  • Supply blocks, unpowered buildings, or Contaminate may cause inaccurate times.
  • Supply counts are checked every 10 seconds.